 Dungeon Crawl Stone Soup version 0.20-a0-738-gb057e68 (webtiles) character file.

221 terra52 the Sneak (level 5, -4/27 HPs)
             Began as a Vine Stalker Assassin on Feb 23, 2017.
             Slain by an ice beast (10 damage)
             ... on level 3 of the Dungeon.
             The game lasted 00:07:33 (2521 turns).

terra52 the Sneak (Vine Stalker Assassin)           Turns: 2521, Time: 00:07:36

Health: -4/27      AC:  3    Str: 14    XL:     5   Next: 98%
Magic:  0/6        EV: 12    Int: 11    God:
Gold:   94         SH:  0    Dex: 16    Spells: 4/4 levels left

rFire    . . .     SeeInvis .   a - +2 dagger
rCold    . . .     Gourm    .   c - +0 robe
rNeg     . . .     Faith    .   (no shield)
rPois    .         Spirit   +   (no helmet)
rElec    .         Reflect  .   p - +0 cloak
rCorr    .         Harm     .   (no gloves)
MR       .....                  (no boots)
Stlth    +++.......             (no amulet)
Regen    0.5/turn               (no ring)
MPRegen  0.1/turn               (no ring)

@: no status effects
A: fangs 2, regeneration 1, magic shield, antimagic bite, no potion heal 3, rot
immunity
a: no special abilities


You were on level 3 of the Dungeon.
You were not hungry.

You visited 1 branch of the dungeon, and saw 3 of its levels.

You collected 94 gold pieces.

Inventory:

Hand Weapons
 a - a +2 dagger (weapon)
 b - a +0 blowgun
Missiles
 e - 27 poisoned needles
 f - 2 curare-tipped needles
Armour
 c - a +0 robe (worn)
 p - a +0 cloak (worn)
Scrolls
 h - a scroll of identify {unknown}
 i - 2 scrolls of remove curse {unknown}
 j - a scroll of random uselessness {unknown}
 k - a scroll of fog {unknown}
 m - a scroll of teleportation {unknown}
Potions
 d - a potion of agility
 l - a potion of magic {unknown}
 o - a potion of berserk rage {unknown}
Comestibles
 g - a bread ration
 n - a chunk of flesh
 q - a royal jelly


   Skills:
 + Level 2.5 Fighting
 + Level 2.7 Short Blades
 + Level 2.7 Throwing
 + Level 1.7 Dodging
 + Level 6.6 Stealth


You had 4 spell levels left.
You didn't know any spells.

Dungeon Overview and Level Annotations

Branches:
Dungeon (3/15)

Altars:


Innate Abilities, Weirdness & Mutations

You have extremely sharp teeth.
Your natural rate of healing is unusually fast.
When hurt, damage is shared between your health and your magic reserves.
Your bite disrupts and absorbs the magic of your enemies.
Potions cannot restore your health.
You are immune to rotting.


Message History

* * * LOW HITPOINT WARNING * * *
There is a stone staircase leading up here.
The ice beast hits you but does no damage.
You hit the ice beast but do no damage.
The ice beast is moderately wounded.
The ice beast hits you. The ice beast freezes you!
* * * LOW HITPOINT WARNING * * *
You hit the ice beast but do no damage.
The ice beast is moderately wounded.
The ice beast completely misses you.
You barely miss the ice beast.
The ice beast is moderately wounded.
The ice beast hits you but does no damage.
You hit the ice beast but do no damage.
You bite the ice beast, but do no damage.
The ice beast is moderately wounded.
The ice beast hits you.
* * * LOW HITPOINT WARNING * * *
The ice beast freezes you!
You die...

###
#.#########.#.#
...#...........#.#
#.#..#####..###.#
#....# #..# #.#
#.#.## #..###.# #
#.# #......#
#.#<## #.#####...
##....#####.#
#.>..@Y.....#
........##.####
##.###.###.# #.
### #.# # #.# #.#
#.# #># #.#


You could see an ice beast.

Vanquished Creatures
  Sigmund (D:2)
  2 adders (D:2)
  An ooze (D:2)
  A leopard gecko (D:2)
  A ball python (D:1)
  2 giant cockroaches
  4 goblins
  13 hobgoblins
  5 jackals
  4 kobolds
  A quokka (D:2)
  6 bats
  4 rats
45 creatures vanquished.

Notes
Turn   | Place    | Note
-------+----------+-------------------------------------------
     0 | D:1      | terra52 the Vine Stalker Assassin began the quest for the Orb.
     0 | D:1      | Reached XP level 1. HP: 11/11 MP: 2/2
   171 | D:1      | Reached skill level 5 in Stealth
   495 | D:1      | Reached XP level 2. HP: 6/15 MP: 3/3
   957 | D:1      | Reached skill level 1 in Dodging
  1023 | D:1      | Reached XP level 3. HP: 18/18 MP: 4/4
  1410 | D:2      | Noticed Sigmund
  1813 | D:2      | Gained mutation: Your natural rate of healing is unusually fast. [Vine Stalker growth]
  1813 | D:2      | Reached XP level 4. HP: 19/23 MP: 3/5
  1823 | D:2      | Reached skill level 6 in Stealth
  1953 | D:2      | Killed Sigmund
  1953 | D:2      | Reached XP level 5. HP: 16/27 MP: 2/6
  2410 | D:3      | Noticed an ice beast
  2521 | D:3      | Slain by an ice beast

Vault maps used:
D:1:      grunt_arrival_lava_bath, corexii_leaking_fountain,
          minmay_misc_feat_encased
D:2:      uniq_sigmund
D:3:      marbit_many_paths, led_sif_pool, first_bread

Skill      XL: |  1  2  3  4 |
---------------+-------------+-----
Stealth        | 5 6 |  6.6
Fighting       | 2 |  2.5
Dodging        | 1 |  1.7
Short Blades   | 2 |  2.7
Throwing       | 2 |  2.7

Action                   |  1- 3 |  4- 6 || total
-------------------------+-------+-------++-------
Melee: Dagger            |    89 |    48 ||   137
       Bite              |    24 |     9 ||    33
 Fire: Blowgun           |     1 |    19 ||    20
  Use: Potion            |       |     2 ||     2
 Stab: Sleeping          |    12 |     2 ||    14
       Distracted        |     1 |       ||     1
  Eat: Chunk             |     3 |     2 ||     5
Armor: Robe              |    17 |    11 ||    28
       Skin              |       |     4 ||     4
Dodge: Dodged            |    51 |    21 ||    72
